 Seeded DCSS version 0.32-a0-986-ga09f62fbf4 (webtiles) character file.

Game seed: 16051412828149045863 (custom seed)

100 Chadd the Cudgeller (level 4, -5/38 HPs)
             Began as a Mountain Dwarf Gladiator on Apr 21, 2024.
             Slain by a gnoll
             ... wielding a +0 flail
              (7 damage)
             ... on level 1 of the Dungeon.
             The game lasted 00:02:06 (1492 turns).

Chadd the Cudgeller (Mountain Dwarf Gladiator)      Turns: 1492, Time: 00:02:07

Health: -5/38      AC:  4    Str: 19    XL:     4   Next: 47%
Magic:  4/4        EV: 11    Int:  8    God:
Gold:   54         SH:  0    Dex: 11    Spells: 3/3 levels left

rFire   . . .        a - +0 flail
rCold   . . .        (no shield)
rNeg    . . .        b - +0 leather armour
rPois   .            c - +0 helmet
rElec   .            (no cloak)
rCorr   .            (no gloves)
SInv    .            (no boots)
Will    .....        (no amulet)
Stlth   +            (no ring)
HPRegen 0.26/turn    (no ring)
MPRegen 0.09/turn

%: no passive effects
@: no status effects
A: runic magic, artefact enchanting
a: no special abilities


You were on level 1 of the Dungeon.
You visited 1 branch of the dungeon, and saw 2 of its levels.

You collected 54 gold pieces.

Inventory:

Hand Weapons
 a - a +0 flail (weapon)
Missiles
 d - a throwing net (quivered)
 e - a javelin
Armour
 b - a +0 leather armour (worn)
 c - a +0 helmet (worn)
Scrolls
 f - 2 scrolls of blinking {unknown}
 g - a scroll of amnesia {unknown}
 i - a scroll of teleportation {unknown}
 k - 3 scrolls of identify {unknown}
 l - a scroll of enchant weapon {unknown}
Potions
 h - a potion of curing {unknown}
 j - a potion of cancellation {unknown}


   Skills:
 + Level 3.2 Fighting
 + Level 4.4 Maces & Flails
 + Level 2.3 Throwing
 + Level 2.7 Dodging


You had 3 spell levels left.
You didn't know any spells.
Your spell library was empty.

Dungeon Overview and Level Annotations

Branches:
Dungeon (2/15)

Altars:


Innate Abilities, Weirdness & Mutations

Your spellcasting is much less encumbered by armour.
You can use scrolls of enchantment on lesser artefacts.


Message History

You are too injured to fight recklessly!
You are too injured to fight recklessly!
You are too injured to fight recklessly!
The gnoll closely misses you.
There is a stone staircase leading up here.
The gnoll barely misses you.
You climb upwards.
There is a stone staircase leading down here.
You start resting.
HP restored.
You climb downwards.
The gnoll barely misses you.
There is a stone staircase leading up here.
You barely miss the gnoll.
The gnoll is moderately wounded.
The gnoll hits you with a +0 flail. The gnoll hits you with a +0 halberd.
The gnoll barely misses you. The gnoll closely misses you.
You climb upwards.
There is a stone staircase leading down here.
Throw: 2 throwing nets
Press: ? - help, Q - select action, (/) - cycle Shift-Dir - straight line, f - gnoll
Aim: a gnoll, wielding a +0 halberd (moderately wounded, 58% to hit)
You throw a throwing net. The throwing net hits the gnoll.
The gnoll is caught in the net!
The gnoll is moderately wounded.
The gnoll barely misses you.
The gnoll struggles against the net.
You hit the gnoll.
The gnoll is heavily wounded.
The gnoll hits you with a +0 flail!
The gnoll struggles against the net.
You sock the gnoll!
You kill the gnoll!
The gnoll closely misses you. The gnoll hits you with a +0 flail!
You are too injured to fight recklessly!
Unknown command.
You closely miss the gnoll. The gnoll barely misses you.
You closely miss the gnoll. The gnoll hits you with a +0 flail!
* * * LOW HITPOINT WARNING * * *
You hit the gnoll.
The gnoll is heavily wounded.
The gnoll hits you with a +0 flail!
You die...

..#.#.# ..#.#.# ..#.#.#
..#.#.# ..#.#.########
#.#.#.#......#
#.#.#.#......#
#.#.#.#....÷.############
.....###.###....@)......#
#.#.####†.######g######.#
#.#.##.....# #.# #)#
#.#.##.....## #.# #.#
#.#.##......# #.# #.#
#.#.##..#.### #.# #.#
#.#.###.#P# #.# #.#
#.#.####### #.# #.#
#.#.#.##########.######.#


You could see a gnoll.

Vanquished Creatures
  A bombardier beetle (D:2)
  2 gnolls
  2 dart slugs
  7 ball pythons (D:1)
  3 endoplasms
  4 hobgoblins
  4 jackals (D:1)
  3 bats
  4 frilled lizards
  3 goblins
  6 kobolds
  5 rats (D:1)
44 creatures vanquished.

Notes
Turn   | Place    | Note
-------+----------+-------------------------------------------
     0 | D:1      | Chadd the Mountain Dwarf Gladiator began the quest for the
                  | Orb.
     0 | D:1      | Reached XP level 1. HP: 17/17 MP: 1/1
   243 | D:1      | Reached XP level 2. HP: 18/25 MP: 2/2
   715 | D:1      | Reached skill level 4 in Maces & Flails
   724 | D:1      | Reached XP level 3. HP: 24/30 MP: 3/3
  1096 | D:2      | Found a faded altar of an unknown god.
  1170 | D:2      | Reached XP level 4. HP: 29/38 MP: 4/4
  1492 | D:1      | Slain by a gnoll

Illustrated notes

Levels and vault maps discovered:
D:1:      onia_arrival_mini_maze_b, layout_basic, minmay_shallow_snake_nest
D:2:      layout_loops_ring, shapermc_ecumenical_altar_starsandcircs,
          guppyfry_early_lair_pool

Skill      XL: |  1  2  3 |
---------------+----------+-----
Maces & Flails | 4 |  4.4
Throwing       | 2 |  2.3
Fighting       | 3 |  3.2
Dodging        | |  2.7

Action                     |  1- 3 |  4- 6 || total
---------------------------+-------+-------++-------
  Melee: Flail             |    96 |    21 ||   117
  Throw: Throwing net      |       |     2 ||     2
 Armour: Leather armour    |    59 |    22 ||    81
  Dodge: Dodged            |    75 |    13 ||    88

Table legend: (Time is in decaauts)
 A = Elapsed time spent in this place.
 B = Non-inter-level travel time spent in this place.
 C = Inter-level travel time spent in this place.
 D = Time resting spent in this place.
 E = Time spent auto-exploring this place.
 F = Levels seen in this place.
 G = Mean time per level.
                   A        B        C        D        E       F      G
               +--------+--------+--------+--------+--------+-----+--------+
         Total |   1518 |   1438 |     80 |    167 |    964 |   2 |  759.0 |
       Dungeon |   1518 |   1438 |     80 |    167 |    964 |   2 |  759.0 |
               +--------+--------+--------+--------+--------+-----+--------+

Top non-repeatable levels by time:
     D:1: 1161 daAuts
     D:2: 356 daAuts
